Map: Romanticide LE

Players

Computer - Winner!

  • Race: Terran Terran
  • League: Diamond
  • Spawn Location: 11:00

Osiris

  • Race: Terran Terran
  • League: Diamond
  • Spawn Location: 5:00

VOD

Have the link to the VOD?

Description

Time

  • Played on: Jan. 4, 2021, 4:03 a.m.
  • Length: 21:09
Show
View Real Time Build Order
Export as new Build Order

Computer Terran - Winner!

Build Orders: Reaper Expand 

Get SALT Encoding   

  12  0:00  SCV  
  13  0:13  SCV  
  14  0:18  Supply Depot  
  14  0:25  SCV  
  15  0:40  SCV  
  16  0:44  Barracks  
  16  0:47  Refinery  
  16  0:52  SCV  
  17  1:04  SCV  
  18  1:16  SCV  
  19  1:31  Orbital Command  
  19  1:32  Reaper  
  20  1:50  Command Center  
  20  1:56  SCV, Supply Depot  
  21  2:04  Reaper  
  22  2:13  SCV  
  23  2:26  SCV  
  24  2:37  Barracks Reactor  
  24  2:41  Bunker  
  24  2:44  SCV  
  24  2:49  Command Center  
  24  2:50  Factory  
  25  2:56  SCV  
  26  3:05  Refinery  
  26  3:06  Orbital Command  
  26  3:09  SCV  
  27  3:15  Marine x2  
  29  3:21  SCV  
  30  3:33  SCV  
  30  3:40  SCV  
  31  3:43  Marine x2  
  31  3:45  SCV  
  34  3:49  Factory Tech Lab  
  34  3:50  Starport  
  34  3:52  SCV  
  35  3:57  SCV  
  36  4:03  Orbital Command  
  36  4:04  SCV  
  36  4:09  SCV, Cyclone  
  41  4:14  Marine x2  
  41  4:17  SCV  
  44  4:21  SCV  
  45  4:28  Liberator  
  45  4:29  SCV  
  45  4:30  SCV  
  50  4:32  Marine, Supply Depot  
  50  4:33  SCV, Marine  
  53  4:41  SCV  
  53  4:42  SCV  
  53  4:45  Refinery  
  55  4:46  SCV  
  55  4:47  Refinery  
  55  4:49  Siege Tank  
  55  4:50  Marine  
  55  4:51  Marine  
  61  4:54  SCV x2  
  61  4:58  SCV  
  64  5:06  SCV x2, Supply Depot  
  66  5:10  SCV  
  67  5:18  SCV x2  
  69  5:24  Command Center  
  69  5:28  SCV, Supply Depot x2, Viking x2, Siege Tank  
  77  5:29  Barracks Tech Lab  
  77  5:39  Barracks  
  77  5:41  Barracks  
  77  5:49  SCV x3, Stimpack  
  80  5:52  Engineering Bay  
  80  5:53  Engineering Bay  
  80  6:01  SCV x3  
  82  6:13  SCV x2  
  82  6:14  Siege Tank  
  82  6:15  SCV  
  87  6:18  Supply Depot  
  87  6:19  Supply Depot  
  87  6:26  SCV x2, Supply Depot, Viking x2  
  87  6:29  Supply Depot  
  87  6:31  Barracks Reactor  
  87  6:32  Barracks Reactor  
  93  6:47  Orbital Command  
  93  6:51  Terran Infantry Weapons Level 1, Terran Infantry Armor Level 1  
  93  6:52  SCV  
  93  6:53  SCV  
  95  6:55  Refinery  
  95  6:56  SCV  
  95  6:58  Refinery  
  95  7:00  Viking x2  
  100  7:04  SCV  
  100  7:06  SCV  
  100  7:08  SCV  
  103  7:10  Orbital Command  
  103  7:14  Marine x2  
  103  7:15  Missile Turret, Marine x3  
  108  7:16  Missile Turret, SCV, Siege Tank  
  108  7:17  Missile Turret  
  108  7:21  SCV  
  113  7:28  SCV x2, Combat Shield  
  113  7:29  Barracks x2  
  115  7:30  Barracks  
  115  7:32  Marine  
  115  7:33  SCV  
  115  7:34  Marine  
  115  7:35  Marine x3  
  121  7:40  SCV  
  122  7:44  SCV  
  122  7:45  Viking x2, Refinery  
  122  7:48  Siege Tank  
  122  7:49  SCV, Refinery  
  122  7:51  Sensor Tower  
  131  7:53  Sensor Tower  
  131  7:57  Factory  
  131  7:59  SCV  
  131  8:00  SCV  
  131  8:01  Marine x4  
  131  8:03  SCV  
  138  8:08  Missile Turret  
  138  8:10  Missile Turret, SCV  
  138  8:12  SCV, Missile Turret  
  140  8:15  Missile Turret  
  140  8:21  Barracks Reactor  
  140  8:22  Barracks Reactor x2  
  140  8:38  SCV x3  
  140  8:48  Supply Depot  
  140  8:49  Supply Depot, Armory  
  140  8:50  Supply Depot  
  140  8:54  Supply Depot  
  140  8:55  Factory Tech Lab  
  140  9:05  Supply Depot  
  140  9:06  Supply Depot  
  140  9:07  Supply Depot  
  140  9:08  Supply Depot  
  140  9:10  SCV x4, Siege Tank  
  140  9:14  Command Center  
  147  9:20  Medivac x2  
  151  9:24  SCV  
  152  9:33  Missile Turret  
  152  9:36  Siege Tank  
  152  9:37  Marine x7  
  152  9:38  Marine x4  
  165  9:39  Terran Infantry Weapons Level 2, Terran Infantry Armor Level 2  
  165  9:42  Siege Tank  
  169  9:47  Armory  
  169  9:48  Terran Vehicle Weapons Level 1, Armory  
  169  9:50  Missile Turret  
  169  9:52  Medivac  
  169  9:53  Medivac  
  169  9:54  Marine  
  169  9:55  Marine x2  
  176  10:09  SCV, Siege Tank  
  180  10:14  Siege Tank  
  180  10:15  Supply Depot  
  180  10:16  SCV  
  180  10:18  Marine x6  
  180  10:20  Fusion Core  
  190  10:24  SCV, Starport  
  190  10:25  Medivac x2  
  190  10:26  Starport  
  195  10:41  Siege Tank  
  179  10:56  Marine x4  
  182  11:01  Starport Reactor x2  
  182  11:04  Barracks  
  182  11:05  Barracks  
  182  11:06  SCV, Barracks  
  182  11:10  SCV  
  184  11:17  Siege Tank, Sensor Tower  
  187  11:20  Missile Turret  
  187  11:21  Missile Turret  
  187  11:23  Missile Turret x2  
  187  11:24  Missile Turret x2  
  187  11:26  Missile Turret  
  187  11:27  Missile Turret  
  187  11:29  Missile Turret  
  187  11:32  Refinery  
  187  11:39  Terran Ship Weapons Level 1, Terran Vehicle And Ship Armor Level 1  
  187  11:40  Advanced Ballistics  
  187  11:42  SCV, Planetary Fortress  
  188  11:48  Refinery  
  188  11:55  Terran Vehicle Weapons Level 2  
  188  11:56  SCV  
  189  12:02  Sensor Tower  
  189  12:03  SCV  
  189  12:05  SCV  
  189  12:06  Barracks Reactor  
  191  12:10  Marine x3  
  191  12:13  SCV  
  195  12:16  Command Center  
  195  12:22  Command Center  
  195  12:23  Terran Infantry Armor Level 3, Terran Infantry Weapons Level 3  
  195  12:26  Viking x2  
  199  12:43  Viking x3  
  199  12:44  Viking  
  199  12:49  Marine x5  
  199  12:50  Marine  
  200  12:51  Barracks Reactor  
  200  12:52  Barracks Reactor  
  178  13:33  Marine x2  
  168  13:43  SCV  
  165  13:51  Siege Tank x2  
  165  13:53  Liberator x3  
  167  14:02  SCV  
  154  14:03  Liberator x2  
  154  14:04  Marine  
  154  14:05  Marine x2  
  154  14:07  Marine x3  
  154  14:08  Marine x4  
  167  14:12  SCV, Marine  
  167  14:14  Marine x6  
  175  14:22  Marine x2  
  175  14:23  Marine, Siege Tank  
  178  14:25  Marine x7  
  178  14:31  Terran Vehicle And Ship Armor Level 2, Terran Ship Weapons Level 2  
  185  14:32  Terran Vehicle Weapons Level 3  
  185  14:36  Fusion Core  
  185  14:37  Refinery  
  185  14:45  Sensor Tower  
  185  14:48  Planetary Fortress  
  185  14:51  Orbital Command  
  185  14:52  Marine x2  
  185  14:53  Marine x5  
  185  14:56  Rapid Reignition System  
  192  15:00  Hi-Sec Auto Tracking, Neosteel Armor  
  192  15:03  SCV  
  193  15:23  Missile Turret  
  193  15:24  Missile Turret x2  
  193  15:25  Missile Turret, SCV  
  194  15:30  Marine x2  
  196  15:35  Command Center  
  196  15:36  Command Center  
  196  15:47  Missile Turret  
  196  15:48  Missile Turret x2, SCV  
  197  15:52  Unknown  
  197  15:55  Command Center  
  197  16:01  Sensor Tower  
  197  16:04  Viking  
  189  16:31  Command Center  
  189  16:34  Missile Turret  
  189  16:37  Missile Turret  
  189  16:38  Missile Turret  
  189  16:48  Terran Ship Weapons Level 3, Terran Vehicle And Ship Armor Level 3  
  189  16:52  Command Center  
  178  17:05  Siege Tank  
  137  17:11  Viking x4  
  145  17:22  Marine x7, Viking  
  147  17:23  Marine x5, Siege Tank  
  147  17:24  Marine x2  
  147  17:25  Marine x3  
  147  17:29  SCV  
  165  17:30  Viking  
  167  17:37  Siege Tank  
  167  17:38  Missile Turret, Planetary Fortress  
  167  17:40  Marine, Orbital Command x2  
  167  17:41  Viking x2  
  167  17:43  Viking x2  
  176  17:51  Missile Turret  
  176  17:52  Viking  
  176  17:55  Missile Turret  
  176  17:56  Planetary Fortress  
  176  17:58  SCV  
  179  18:00  Missile Turret x2, Viking  
  181  18:06  Missile Turret  
  181  18:07  Missile Turret  
  181  18:08  Missile Turret  
  181  18:09  Missile Turret  
  181  18:10  Viking  
  181  18:11  Planetary Fortress  
  183  18:14  SCV  
  183  18:18  Refinery x2  
  184  18:25  Siege Tank  
  187  18:41  SCV  
  188  18:42  SCV  
  189  18:48  Refinery  
  189  18:49  Siege Tank  
  189  18:50  Refinery  
  192  18:57  Viking x2, Siege Tank  
  183  19:11  Marine  
  183  19:12  Marine  
  180  19:24  Viking x4  
  188  20:06  Liberator x3  
  188  20:07  Liberator  
  200  20:19  Missile Turret  
  200  20:20  Missile Turret x2  
  200  20:23  Command Center  
Show
View Real Time Build Order
Export as new Build Order

Osiris Terran 

Build Orders:  

Get SALT Encoding   

  12  0:01  SCV  
  13  0:13  SCV  
  14  0:18  Supply Depot  
  14  0:25  SCV  
  15  0:39  SCV  
  15  0:41  Barracks  
  16  0:45  Refinery  
  16  0:50  Refinery  
  16  0:53  SCV  
  17  1:05  SCV  
  18  1:17  SCV  
  19  1:29  Reaper  
  21  1:34  Orbital Command  
  20  1:44  Factory  
  20  1:58  Supply Depot  
  20  2:01  Reaper  
  20  2:02  SCV  
  22  2:14  SCV  
  22  2:27  SCV  
  22  2:28  Hellion  
  25  2:35  Reaper  
  26  2:38  Command Center  
  26  2:46  Starport  
  26  2:47  SCV  
  27  2:55  Hellion  
  29  2:59  SCV  
  30  3:08  Supply Depot, Barracks Reactor  
  30  3:19  Factory Tech Lab  
  30  3:21  SCV  
  31  3:35  SCV  
  31  3:37  Starport Tech Lab  
  33  3:41  Cyclone  
  33  3:47  SCV  
  34  3:49  Marine x2  
  34  3:51  Orbital Command  
  36  3:59  SCV  
  36  4:01  Refinery  
  37  4:11  SCV  
  37  4:16  Marine  
  37  4:17  Marine, Raven  
  39  4:18  SCV  
  39  4:23  Command Center  
  43  4:28  SCV  
  44  4:31  Supply Depot  
  44  4:33  SCV  
  45  4:41  Marine x2  
  45  4:42  SCV, Siege Tank  
  51  4:51  SCV  
  52  4:55  SCV  
  53  5:01  Raven  
  53  5:02  Refinery  
  53  5:03  SCV, Marine x2  
  58  5:08  SCV, Supply Depot  
  59  5:15  Siege Tank  
  62  5:29  SCV x2, Marine x2  
  62  5:32  Supply Depot  
  66  5:36  Orbital Command  
  66  5:41  SCV  
  64  6:09  SCV x3  
  64  6:10  Stimpack  
  64  6:11  Viking x2, Siege Tank  
  73  6:22  SCV  
  73  6:24  SCV  
  75  6:26  SCV  
  75  6:27  Marine  
  75  6:32  Barracks  
  77  6:37  Barracks  
  77  6:41  SCV  
  77  6:43  Viking x2  
  77  6:46  Marine  
  77  6:47  Siege Tank  
  85  6:50  SCV  
  85  6:53  SCV  
  88  7:03  SCV  
  88  7:05  SCV, Supply Depot  
  88  7:06  Supply Depot  
  88  7:08  SCV  
  91  7:13  Marine  
  92  7:26  Viking x2, Orbital Command  
  92  7:27  Siege Tank, Barracks Reactor x2  
  92  7:28  SCV  
  100  7:31  Supply Depot  
  101  7:37  SCV  
  101  7:38  Engineering Bay x2  
  101  7:43  SCV, Marine  
  103  7:53  SCV x2  
  105  8:07  Viking x2  
  105  8:08  Marine x3, Siege Tank  
  105  8:09  Marine x2  
  105  8:10  Combat Shield  
  105  8:11  Terran Infantry Weapons Level 1, Terran Infantry Armor Level 1  
  117  8:16  Supply Depot  
  117  8:17  SCV  
  117  8:18  SCV x2, Supply Depot  
  120  8:29  SCV, Marine x4  
  120  8:33  Barracks  
  125  8:35  SCV, Barracks  
  125  8:37  Marine  
  125  8:47  Marine x2  
  125  8:48  Marine x2  
  129  8:54  Medivac x2, Siege Tank  
  136  8:59  SCV x3  
  139  9:02  Marine  
  139  9:07  Marine  
  141  9:13  Armory  
  141  9:14  Supply Depot  
  141  9:16  Marine x3  
  144  9:17  Refinery  
  144  9:18  SCV, Supply Depot  
  144  9:20  Marine  
  144  9:23  SCV x2  
  148  9:26  Refinery  
  148  9:30  SCV  
  149  9:36  SCV x2  
  151  9:40  Sensor Tower  
  151  9:41  Factory  
  151  9:42  SCV  
  152  9:45  Supply Depot  
  152  9:47  Supply Depot  
  152  9:48  SCV x2  
  154  9:54  SCV  
  154  9:55  Starport  
  154  9:56  Marine x2  
  154  9:57  Starport, Marine, Barracks Reactor x2  
  154  9:58  Viking, Siege Tank  
  163  10:05  Marine x2  
  165  10:12  Viking  
  165  10:13  Terran Infantry Weapons Level 2, Terran Infantry Armor Level 2  
  160  10:54  Terran Vehicle Weapons Level 1, Marine  
  160  10:56  Siege Tank  
  160  10:57  Starport Tech Lab, Factory Tech Lab  
  164  10:58  Viking x2, Starport Tech Lab  
  164  10:59  Marine x5  
  164  11:00  Marine x3  
  176  11:08  Missile Turret  
  176  11:10  Missile Turret x2  
  176  11:13  Missile Turret  
  176  11:19  Missile Turret  
  176  11:20  Missile Turret x2, Corvid Reactor  
  176  11:21  Raven  
  176  11:22  Raven  
  176  11:23  Missile Turret, Marine  
  176  11:24  Missile Turret  
  181  11:51  Command Center  
  181  13:02  Marine x9, Raven, Siege Tank  
  181  13:03  Command Center  
  181  13:04  Barracks  
  181  13:05  Barracks  
  195  13:06  Barracks  
  195  13:11  Command Center  
  195  13:20  Marine  
  195  13:21  Viking x2, Raven  
  195  13:22  Siege Tank  
  145  13:45  Raven  
  145  13:46  Marine x5  
  145  13:47  Marine, Siege Tank  
  134  13:53  Marine x2  
  134  13:54  Marine  
  112  14:04  Marine x2, Siege Tank  
  112  14:05  Marine x2, Raven  
  112  14:19  Marine x4  
  112  14:20  Marine  
  112  14:21  Barracks Reactor  
  112  14:22  Barracks Reactor x2  
  112  14:24  Medivac x2  
  107  14:25  Siege Tank  
  107  14:26  Planetary Fortress  
  107  14:29  Planetary Fortress  
  112  14:35  Raven  
  112  14:36  Marine x4  
  112  14:37  Marine, Orbital Command  
  119  14:50  Marine x2  
  119  14:51  Marine x2  
  119  14:52  Siege Tank  
  126  15:01  Marine  
  126  15:02  Marine x6  
  126  15:03  Marine x4  
  126  15:04  Siege Tank  
  126  15:05  Medivac x2  
  144  15:07  Terran Infantry Weapons Level 3  
  144  15:20  Sensor Tower  
  144  15:21  Refinery  
  144  15:22  Refinery  
  144  15:25  Sensor Tower  
  144  15:31  SCV x3  
  144  15:33  SCV x3  
  149  15:43  SCV  
  149  15:44  Viking x2  
  149  15:45  Marine  
  149  15:46  Marine  
  153  15:53  SCV  
  153  16:12  Marine x5  
  153  16:13  Raven x2  
  153  16:14  Marine x3, Siege Tank x2  
  153  16:15  Marine x3  
  174  16:24  SCV  
  174  16:25  SCV  
  176  16:30  Marine x3, Viking x2  
  172  17:03  Viking x2, Raven x2  
  158  17:15  Marine x4  
  135  17:16  Marine x5  
  135  17:21  Marine x4  
  135  17:22  Siege Tank x2  
  154  17:24  SCV  
  154  17:25  Unknown  
  155  17:46  Orbital Command  
  155  17:52  Marine x3  
  155  17:53  Viking x2, Raven x2  
  155  17:54  Marine x6  
  172  18:10  Orbital Command  
  172  18:15  Refinery  
  172  18:16  Missile Turret, Terran Infantry Armor Level 3, Sensor Tower  
  172  18:18  Missile Turret, Hi-Sec Auto Tracking  
  172  18:21  Missile Turret  
  172  18:24  Refinery  
  172  18:42  Marine x3  
  172  18:44  Viking x2  
  172  18:45  Siege Tank x2  
  185  18:53  Marine x2  
  185  18:54  Viking x2  
  173  19:09  Marine x2  
  164  19:15  Viking x2  
  164  19:16  Marine x2  
  163  19:31  Viking x2  
  162  19:58  SCV x2  
  164  20:00  Viking x2  
  164  20:03  Raven  
  164  20:04  Raven  
  172  20:08  Starport  
  172  20:09  Starport  
  172  20:27  Refinery  
  172  20:29  Refinery  
  172  20:34  Viking x2  
Tags
 
Add a new tag
Caveats
  • Supply blocks, unpowered buildings, or Contaminate may cause inaccurate times.
  • Supply counts are checked every 10 seconds.